AoeStats
← randomciv

MegaRandom

503688938Analyzed
1v1 RM · 1mo ago on Sep 1, 2026· 23m 48s· 2 players
Game mode
Random Map
Map size
Tiny (2 player)
Population
200
Speed
Normal
Resources
Standard
Victory
Conquest
Starting age
Dark Age
Ending age
Imperial Age
RankedLock teamsTeams togetherTeam positionsShared explorationLock speedFull tech treeHidden civsTurbo modeCheats
Victory
Defeat
🇦🇷 Malians · Argentina
2308
+4
🇦🇷 Berbers · Argentina
1951
-4
_TieuQuy
10:55 Feudal Age
9:41 Loom
14:55 Castle Age
12:56 Double-Bit Axe
13:06 Horse Collar
16:03 Bow Saw
20:18 Wheelbarrow
20:52 Gold Mining
randomciv
6:39 Loom
8:56 Feudal Age
10:47 Double-Bit Axe
19:09 Castle Age
17:20 Horse Collar
19:43 Scale Barding Armor
19:32 Fletching
19:37 Gold Mining
20:07 Bow Saw
21:15 Bloodlines
21:42 Husbandry
22:53 Wheelbarrow
Connection lost

Rejoining the realm…

Still unreachable

The connection could not be restored.

Session expired

The server has moved on; the page needs a fresh start.